 Dungeon Crawl Stone Soup version 0.31-a0-95-g6fa058ef04 (webtiles) character file.

Game seed: 8916198878314561869

366 greasedhog the Slasher (level 6, -3/51 (56) HPs)
             Began as a Draconian Fighter on May 25, 2023.
             Slain by a wight
             ... wielding a +4 flail
              (7 damage)
             ... on level 4 of the Dungeon.
             The game lasted 00:04:02 (3156 turns).

greasedhog the Slasher (Draconian Fighter)          Turns: 3156, Time: 00:04:03

HP:   -3/51 (56)    AC:  9    Str: 19    XL:     6   Next: 40%
MP:   6/6           EV: 13    Int:  8    God:
Gold: 343           SH:  5    Dex: 18    Spells: 5/5 levels left

rFire   . . .        a - +2 scimitar (freeze)
rCold   . . .        b - +0 buckler
rNeg    . . .        (body armour unavailable)
rPois   .            t - +2 hat
rElec   .            (no cloak)
rCorr   +            (no gloves)
SInv    .            s - +0 pair of boots
Will    .....        (no amulet)
Stlth   ++           f - +6 ring of dexterity
HPRegen 0.28/turn    h - ring of resist corrosion
MPRegen 0.10/turn

%: no passive effects
@: drained
A: AC +6, unfitting armour, cold-blooded
a: no special abilities


You were on level 4 of the Dungeon.
You visited 1 branch of the dungeon, and saw 4 of its levels.

You collected 343 gold pieces.

Inventory:

Hand Weapons
 a - a +2 scimitar of freezing (weapon)
Missiles
 m - 7 poisoned darts (quivered)
Armour
 b - a +0 buckler (worn)
 s - a +0 pair of boots (worn)
 t - a +2 hat (worn)
Jewellery
 e - a ring of fire
 f - a +6 ring of dexterity (left hand)
 h - a ring of resist corrosion (right hand)
 j - a ring of poison resistance
 o - a ring of ice
Wands
 r - a wand of flame (9)
 w - a wand of roots (5)
Scrolls
 d - a scroll of summoning
 g - a scroll of immolation
 k - 2 scrolls of teleportation {unknown}
 u - a scroll of amnesia {unknown}
 v - a scroll of poison {unknown}
Potions
 c - a potion of might
 i - a potion of berserk rage {unknown}
 l - 2 potions of haste
 n - a potion of magic {unknown}
 p - a potion of cancellation {unknown}
 q - a potion of curing {unknown}


   Skills:
 - Level 5.0 Fighting
 * Level 5.7 Long Blades
 + Level 2.9 Dodging
 - Level 3.0 Shields


You had 5 spell levels left.
You didn't know any spells.
Your spell library was empty.

Dungeon Overview and Level Annotations

Branches:
Dungeon (4/15)
 Temple: D:4-7

Altars:
Sif Muna

Annotations:
D:3 1 runed translucent door, SkeletonJelly's ghost, amateur DsRe


Innate Abilities, Weirdness & Mutations

Your plain brown scales are hard. (AC +6)
You cannot fit into any form of body armour.
You are cold-blooded and may be slowed by cold attacks.


Message History

There is a stone staircase leading down, spattered with blood here.
You start resting.
HP restored.
You climb downwards.
The wight closely misses you.
There is a stone staircase leading up here.
You hit the wight but do no damage. The wight hits you with a +4 flail!
You feel drained.
You hit the wight.
The wight is moderately damaged.
The wight closely misses you.
You hit the wight.
The wight is moderately damaged.
The wight hits you with a +4 flail. The wight closely misses you.
You hit the wight but do no damage.
Your tail-slap misses the wight.
The wight is moderately damaged.
The wight hits you with a +4 flail.
You feel drained.
You hit the wight.
The wight is heavily damaged.
The wight hits you with a +4 flail.
You hit the wight.
The wight is heavily damaged.
You block the wight's attack.
You slash the wight!
The wight is almost destroyed.
The wight hits you with a +4 flail.
You hit the wight but do no damage.
The wight is almost destroyed.
The wight hits you with a +4 flail!
You feel drained.
* * * LOW HITPOINT WARNING * * *
You barely miss the wight.
Your tail-slap misses the wight.
The wight is almost destroyed.
The wight hits you with a +4 flail!
* * * LOW HITPOINT WARNING * * *
You hit the wight but do no damage.
The wight is almost destroyed.
The wight closely misses you. The wight misses you.
You barely miss the wight.
The wight is almost destroyed.
The wight hits you with a +4 flail!
You die...

#.....'.....#........#######
#.....#.....#...............
#.....#.....'...............
#.....#.....#...............
#.>...#.....####'####.......
#.....#.....##......#..)....
#..)..#.....##......#...)...
#.....#...[..#......#.....).
#.....#....@.#......######..
#.....#....z.#...........#..
#.....#.....##......##...#..
#.....#.....##########...#..
#.....#.....##......##'###..
#.....#.............##...#..
#.....#.............#....#..
#.....#.............#....#..
#.....#.............+....#<.


You could see a wight.

Vanquished Creatures
  A phantom (D:4)
  A wight (D:3)
  2 hounds (D:3)
  A gnoll (D:3)
  6 adders
  2 ufetubi (D:4)
  3 worms
  3 dart slugs
  13 orcs
  6 ball pythons
  6 bats
  8 endoplasms
  3 giant cockroaches
  5 goblins
  7 hobgoblins
  3 quokkas
  4 kobolds
  3 rats
77 creatures vanquished.

Notes
Turn   | Place    | Note
-------+----------+-------------------------------------------
     0 | D:1      | greasedhog the Draconian Fighter began the quest for the
                  | Orb.
     0 | D:1      | Reached XP level 1. HP: 19/19 MP: 1/1
   355 | D:1      | Reached XP level 2. HP: 25/26 MP: 2/2
  1086 | D:1      | Reached XP level 3. HP: 30/33 MP: 3/3
  1206 | D:2      | You fall into a shaft and drop 1 floor!
  1305 | D:3      | Found a shimmering blue altar of Sif Muna.
  1308 | D:3      | Found a runed translucent door.
  1458 | D:3      | Reached XP level 4. HP: 40/40 MP: 4/4
  1865 | D:3      | Noticed SkeletonJelly's ghost (amateur DsRe)
  1924 | D:3      | Reached XP level 5. HP: 40/47 MP: 5/5
  2653 | D:4      | Noticed a phantom
  2671 | D:4      | Killed a phantom
  2672 | D:4      | Reached skill level 5 in Fighting
  2672 | D:4      | Reached skill level 5 in Long Blades
  2672 | D:4      | Reached XP level 6. HP: 41/56 MP: 6/6
  3156 | D:4      | Slain by a wight

Illustrated notes

Levels and vault maps discovered:
D:1:      wander_arrival_abandoned_jail, layout_basic, bh_walls_and_bars
D:2:      layout_rooms, minmay_tiny_reverse_x
D:3:      layout_basic, amcnicky_altar_gilded, gammafunk_ghost_grave,
          cheibrodos_gnoll_hut
D:4:      layout_gridville

Skill      XL: |  1  2  3  4  5 |
---------------+----------------+-----
Long Blades    | 3 4 5 |  5.7
Fighting       | 4 5 |  5.0
Dodging        | |  2.9
Shields        | |  3.0

Action                     |  1- 3 |  4- 6 || total
---------------------------+-------+-------++-------
  Melee: Long sword        |    94 |   129 ||   223
         Tailslap          |     7 |    16 ||    23
         Scimitar          |       |    11 ||    11
    Use: Scroll            |       |     5 ||     5
   Stab: Sleeping          |     2 |     2 ||     4
 Armour: Skin              |    32 |    53 ||    85
  Dodge: Dodged            |    52 |   104 ||   156
  Block: Buckler           |    26 |    36 ||    62

Table legend: (Time is in decaauts)
 A = Elapsed time spent in this place.
 B = Non-inter-level travel time spent in this place.
 C = Inter-level travel time spent in this place.
 D = Time resting spent in this place.
 E = Time spent auto-exploring this place.
 F = Levels seen in this place.
 G = Mean time per level.
                   A        B        C        D        E       F      G
               +--------+--------+--------+--------+--------+-----+--------+
         Total |   3219 |   3152 |     67 |    163 |   2301 |   4 |  804.8 |
       Dungeon |   3219 |   3152 |     67 |    163 |   2301 |   4 |  804.8 |
               +--------+--------+--------+--------+--------+-----+--------+

Top non-repeatable levels by time:
     D:3: 1091 daAuts
     D:1: 1071 daAuts
     D:4: 542 daAuts
     D:2: 513 daAuts
